 Dungeon Crawl Stone Soup version 0.31-a0-1074-g0b22e4e0f1 (webtiles) character file.

Game seed: 6192234862315691231

42293 olourkin the Cleaver (level 13, -8/101 HPs)
             Began as a Demonspawn Gladiator on Dec 2, 2023.
             Was the Champion of Kikubaaqudgha.
             Mangled by Rupert
             ... wielding a +3 heavy great mace
              (39 damage)
             ... on level 2 of the Orcish Mines.
             The game lasted 01:18:41 (20625 turns).

olourkin the Cleaver (Demonspawn Gladiator)        Turns: 20625, Time: 01:18:41

Health: -8/101     AC: 19    Str: 17    XL:     13   Next: 84%
Magic:  13/13      EV:  8    Int: 11    God:    Kikubaaqudgha [******]
Gold:   2871       SH: 26    Dex: 16    Spells: 11/12 levels left

rFire   . . .        a - +4 war axe (spect)
rCold   + . .        B - +2 kite shield {rN+}
rNeg    + . .        f - +0 chain mail
rPois   .            c - +2 helmet
rElec   .            E - +2 cloak {Will+}
rCorr   .            i - +0 pair of gloves
SInv    +            (no boots)
Will    +....        R - amulet of reflection Stlth
                     z - ring of see invisible
HPRegen 0.36/turn    P - ring of protection from cold
MPRegen 0.13/turn

%: reflection
@: about to teleport
A: large bone plates 3, demonic guardian 1, spiny 1, weakness stinger 2
a: Renounce Religion, Unearth Wretches, Torment, Brand Weapon With Pain, Receive
Forbidden Knowledge


You were on level 2 of the Orcish Mines.
You worshipped Kikubaaqudgha.
Kikubaaqudgha was exalted by your worship.
You visited 4 branches of the dungeon, and saw 20 of its levels.
You also visited: Bailey.

You collected 3291 gold pieces.
You spent 420 gold pieces at shops.

Inventory:

Hand Weapons
 a - a +4 spectral war axe (weapon)
 w - a +3 battleaxe of freezing
 A - a +7 spear of flaming
Missiles
 d - 4 throwing nets
 g - 153 stones
 q - a javelin
 r - 35 boomerangs
 t - 24 poisoned darts
 v - 4 atropa-tipped darts (quivered)
Armour
 c - a +2 helmet (worn)
 f - a +0 chain mail (worn)
 i - a +0 pair of gloves (worn)
 B - a +2 kite shield of positive energy (worn)
 E - a +2 cloak of willpower (worn)
 H - an orb of guile
 K - a scarf of harm
Jewellery
 o - a ring of ice
 y - an amulet of magic regeneration
 z - a ring of see invisible (left hand)
 P - a ring of protection from cold (right hand)
 R - an amulet of reflection (around neck)
 V - an amulet of the acrobat
 W - an amulet of regeneration
Talismans
 C - a storm talisman
Wands
 l - a wand of quicksilver (9)
 s - a wand of polymorph (19)
 u - a wand of flame (45)
Scrolls
 h - 13 scrolls of identify
 k - a scroll of fear
 m - 2 scrolls of noise {unknown}
 n - 4 scrolls of teleportation
 I - 4 scrolls of amnesia {unknown}
 L - 2 scrolls of silence {unknown}
 N - 2 scrolls of immolation {!r}
 Q - a scroll of fog {unknown}
 S - a scroll of vulnerability {!r}
 T - a scroll of summoning
 U - a scroll of acquirement {unknown}
 X - a scroll of enchant armour
Potions
 b - 2 potions of heal wounds
 e - 5 potions of enlightenment
 j - 8 potions of curing
 p - 3 potions of mutation {!q}
 x - a potion of haste {unknown}
 D - 3 potions of attraction {unknown}
 F - 2 potions of might {unknown}
 G - 3 potions of resistance {unknown}
 J - 2 potions of berserk rage {unknown}
 M - 5 potions of lignification {unknown}
 O - a potion of cancellation {unknown}


   Skills:
 + Level 9.3 Fighting
 - Level 13.5 Axes
 - Level 8.0 Throwing
 + Level 9.1 Armour
 - Level 2.6 Dodging
 + Level 9.3 Shields
 + Level 7.1 Necromancy


You had 11 spell levels left.
You knew the following spells:

 Your Spells              Type           Power      Damage    Failure   Level
y - Necrotise             Necr           60%        1d7       30%         1

Your spell library contained the following spells:

 Spells                   Type           Power      Damage    Failure   Level
 Sublimation of Blood     Necr           15%        N/A       43%         2
 Kiss of Death            Conj/Necr      28%        2d7       80%         1
 Cigotuvi's Dreadful Rot  Necr/Pois/Air  10%        N/A       97%         2
 Dispel Undead            Necr           15%        3d10      97%         4
 Freeze                   Ice            0%         1d3       99%         1
 Shock                    Conj/Air       0%         1d3       99%         1
 Ensorcelled Hibernation  Hex/Ice        0%         N/A       100%        2
 Passwall                 Tmut/Erth      0%         N/A       100%        2
 Wereblood                Tmut           0%         N/A       100%        2
 Frozen Ramparts          Ice            0%         1d1       100%        3
 Hailstorm                Conj/Ice       0%         3d3       100%        3
 Swiftness                Air            0%         N/A       100%        3
 Airstrike                Air            0%         2d(0-16)  100%        4
 Anguish                  Hex/Necr       3%         N/A       100%        4
 Agony                    Necr           15%        N/A       100%        5
 Irradiate                Conj/Tmut      0%         3d11      100%        5
 Death Channel            Necr           7%         N/A       100%        6
 Simulacrum               Ice/Necr       3%         N/A       100%        6


Dungeon Overview and Level Annotations

Branches:
Dungeon (13/15)            Temple (1/1) D:4            Lair (4/5) D:9
  Swamp (0/4) Lair:3        Snake (0/4) Lair:2        Slime (0/5) Lair:4
    Orc (2/2) D:12            Elf (0/3) Orc:2        Bailey (visited)
 Vaults: D:13-14

Altars:
Ashenzari
Cheibriados
Dithmenos
Fedhas
Gozag
Hepliaklqana
Kikubaaqudgha
Makhleb
Nemelex Xobeh
Okawaru
Qazlal
Ru
Sif Muna
Trog
Uskayaw
Vehumet
Wu Jian
Xom
Yredelemnul

Shops:
D:6 **   Orc:1 *   Orc:2 =

Annotations:
D:7 3 runed translucent doors, Jeremiah
D:10 3 runed translucent doors, Sanktem7's ghost, novice MiFi
Lair:4 1 runed translucent door, exclusion: 2 oklob plants, Peulonen's ghost, journeyman TeDe
Orc:2 Rupert


Innate Abilities, Weirdness & Mutations

You are completely covered in large bone plates. (SH +8)
A weak demonic guardian rushes to your aid.
You are partially covered in sharp spines.
You have a tail ending in a sharp stinger.


Message History

a +0 orcbow; a +0 great mace; a +0 orcbow
Things that are here:
a +2 orcbow of flaming; a +0 orcbow Rupert shouts!
Rupert yells loudly at you.
You suddenly lose the ability to move!
You can move again.
Sweat drips down Rupert's chest.
Rupert roars wildly at you.
You shrug off the repeated paralysis!
Rupert roars wildly at you.
You easily resist.
Rupert lets out a booming laugh, sending rocks and debris crashing down.
Throw: 6 darts (atropa)
Press: ? - help, Q - select action, (/) - cycle Shift-Dir - straight line, f - Rupert
Aim: Rupert, wielding a +3 heavy great mace and wearing a +0 chain mail of willpower (72% to hit, chance to blind on hit: 0%)
You throw an atropa-tipped dart. The atropa-tipped dart hits Rupert!
Rupert resists.
Rupert says, "You are weak."
Throw: 5 darts (atropa)
Press: ? - help, Q - select action, (/) - cycle Shift-Dir - straight line, f/p - Rupert
Aim: Rupert, wielding a +3 heavy great mace and wearing a +0 chain mail of willpower (72% to hit, chance to blind on hit: 0%)
You throw an atropa-tipped dart. The atropa-tipped dart hits Rupert!
Rupert resists.
Rupert yells loudly at you.
You suddenly lose the ability to move!
Rupert roars madly and goes into a rage!
Rupert goes berserk!
Rupert is struck by your spines.
Rupert hits you with a +3 heavy great mace!!
Rupert hits you with a +3 heavy great mace!
Rupert hits you with a +3 heavy great mace!!
* * * LOW HITPOINT WARNING * * *
You can move again.
As you read the scroll of teleportation, it crumbles to dust.
You feel strangely unstable.
Rupert hits you with a +3 heavy great mace!!!
You die...
Rupert roars with triumph.
Kikubaaqudgha rasps: "You have failed me!
Welcome... death!"

### ##.## . ######...##
....##.#..#..)<#
.........)...[)# ### ###
.........)#..))###.#####.##
.............)###...##....#
.............)@@.((......##
.............)..........##
##...###...##).##..##....#
...≈≈ #≈≈..........##...##
..≈≈≈ #≈≈≈..........#....#
##≈≈≈≈............##
###≈≈≈≈......#..##
##≈≈≈≈.....#..#
.............#


You could see Rupert (berserk).

Vanquished Creatures
  Josephine (Lair:4)
  2 centaur warriors
  A boulder beetle (Lair:4)
  5 two-headed ogres
  2 orc high priests
  3 orc knights
  3 cyclopes
  2 orc sorcerers (Orc:2)
  3 black mambas
  A torpor snail (Lair:2)
  An unseen horror (D:11)
  A rime drake (Lair:3)
  Psyche (D:10)
  3 cane toads
  Maggie (D:8)
  3 komodo dragons
  2 polar bears
  2 hornets
  16 blink frogs
  4 trolls
  4 wraiths
  2 shadows (D:10)
  A vampire (D:11)
  6 wyverns
  31 yaks
  16 vampire mosquitoes
  3 basilisks
  4 steam dragons
  Edmund (D:3)
  4 wargs
  2 nagas (Lair:2)
  8 water moccasins
  38 orc warriors
  7 ogres
  2 ice beasts
  4 black bears
  5 wolves (Lair:4)
  30 centaurs
  3 phantoms
  2 kobold brigands
  Blork the orc (D:4)
  12 bullfrogs
  A gnoll sergeant (D:5)
  3 scorpions
  11 wights
  5 killer bees (D:9)
  8 electric eels
  2 howler monkeys
  3 jellies
  A hound (D:5)
  2 gnoll boudas (D:6)
  13 orc priests
  Ijyb (D:3)
  Natasha (D:4)
  6 iguanas
  27 orc wizards
  22 gnolls
  8 adders
  3 shadow imps
  2 white imps
  A worm (D:4)
  2 dart slugs
  70 orcs
  6 endoplasms
  2 giant cockroaches
  8 goblins
  9 hobgoblins
  A jackal (D:2)
  23 kobolds
  6 quokkas
  5 ball pythons
  8 bats
  10 frilled lizards
  10 rats
523 creatures vanquished.

Vanquished Creatures (collateral kills)
  An orc knight (Orc:2)
  A cyclops (D:12)
  A yak (Lair:3)
  2 orc warriors
  A centaur (D:11)
  A gnoll sergeant (D:11)
  An electric eel (Lair:3)
  An orc (Orc:2)
9 creatures vanquished.

Vanquished Creatures (others)
  A vampire (D:13)
  A human (D:13)
  3 spectral weapons
5 creatures vanquished.

Grand Total: 537 creatures vanquished

Notes
Turn   | Place    | Note
-------+----------+-------------------------------------------
     0 | D:1      | olourkin the Demonspawn Gladiator began the quest for the
                  | Orb.
     0 | D:1      | Reached XP level 1. HP: 16/16 MP: 1/1
    76 | D:1      | Reached skill level 3 in Axes
   211 | D:1      | Gained mutation: You are partially covered in large bone
                  | plates. (SH +4) [demonic ancestry]
   211 | D:1      | Reached XP level 2. HP: 22/22 MP: 2/2
   800 | D:2      | Reached XP level 3. HP: 25/27 MP: 3/3
   876 | D:2      | Reached skill level 4 in Axes
  1308 | D:2      | Gained mutation: You are partially covered in sharp spines.
                  | [demonic ancestry]
  1308 | D:2      | Reached XP level 4. HP: 33/33 MP: 4/4
  1433 | D:3      | Noticed Ijyb
  1447 | D:3      | Killed Ijyb
  1628 | D:3      | Noticed a phantom
  1641 | D:3      | Killed a phantom
  1642 | D:3      | Reached skill level 5 in Axes
  1642 | D:3      | Reached XP level 5. HP: 23/38 MP: 5/5
  1903 | D:3      | Reached skill level 6 in Axes
  2272 | D:4      | Noticed Blork the orc
  2281 | D:4      | Killed Blork the orc
  2282 | D:4      | Gained mutation: You are mostly covered in large bone
                  | plates. (SH +6) [demonic ancestry]
  2282 | D:4      | Reached XP level 6. HP: 42/44 MP: 6/6
  2292 | D:4      | Found a staircase to the Ecumenical Temple.
  2338 | Temple   | Entered the Ecumenical Temple
  2347 | Temple   | Became a worshipper of Kikubaaqudgha
  2399 | D:4      | Noticed Edmund
  2601 | D:4      | Noticed Natasha
  2636 | D:3      | Killed Edmund
  2637 | D:3      | Reached skill level 7 in Axes
  2637 | D:3      | Gained mutation: You are completely covered in large bone
                  | plates. (SH +8) [demonic ancestry]
  2637 | D:3      | Reached XP level 7. HP: 35/50 MP: 7/7
  2830 | D:4      | Killed Natasha
  3034 | D:4      | Found a shimmering blue altar of Sif Muna.
  3122 | D:4      | You fall into a shaft and drop 3 floors!
  3128 | D:7      | Found a broken altar of Ashenzari.
  3142 | D:7      | Noticed a vampire mosquito
  3147 | D:7      | Killed a vampire mosquito
  3148 | D:7      | Reached skill level 8 in Axes
  3198 | D:7      | Noticed a vampire mosquito
  3202 | D:7      | Killed a vampire mosquito
  3212 | D:7      | Noticed a vampire mosquito
  3217 | D:7      | Killed a vampire mosquito
  3282 | D:7      | Noticed Jeremiah
  3328 | D:7      | Reached skill level 9 in Axes
  3328 | D:7      | Reached XP level 8. HP: 44/56 MP: 8/8
  3332 | D:7      | Reached * piety under Kikubaaqudgha
  3332 | D:7      | Received a gift from Kikubaaqudgha
  3344 | D:7      | Found a runed translucent gate.
  3344 | D:7      | Found a runed translucent gate.
  3344 | D:7      | Found a runed translucent gate.
  3344 | D:7      | Noticed a manticore
  3344 | D:7      | Noticed a death yak
  3361 | D:7      | Found a snail-covered altar of Cheibriados.
  3636 | D:6      | Found Ushiuwny's Neck Hole.
  3821 | D:5      | Entered Level 5 of the Dungeon
  3874 | D:5      | Reached skill level 10 in Axes
  3912 | D:5      | Reached ** piety under Kikubaaqudgha
  4279 | D:5      | Found a sparkling altar of Nemelex Xobeh.
  4283 | D:5      | Found a shimmering altar of Xom.
  4287 | D:5      | Found an iron altar of Okawaru.
  4849 | D:6      | Reached skill level 11 in Axes
  4849 | D:6      | Reached skill level 1 in Shields
  4849 | D:6      | Gained mutation: You have a small tail. [demonic ancestry]
  4849 | D:6      | Reached XP level 9. HP: 61/61 MP: 9/9
  4972 | D:6      | Found Oteodud's General Store.
  5258 | D:6      | Reached skill level 1 in Armour
  5803 | D:7      | Found a hazy altar of Hepliaklqana.
  5873 | D:7      | Reached *** piety under Kikubaaqudgha
  5873 | D:7      | Received a gift from Kikubaaqudgha
  6119 | D:8      | Found a flagged portal.
  6130 | Bailey   | Entered a bailey
  6505 | Bailey   | Reached skill level 12 in Axes
  6686 | Bailey   | Noticed an orc knight
  6692 | Bailey   | Killed an orc knight
  6693 | Bailey   | Gained mutation: A weak demonic guardian rushes to your
                  | aid. [demonic ancestry]
  6693 | Bailey   | Reached XP level 10. HP: 51/67 MP: 10/10
  7281 | D:8      | Noticed Maggie
  7305 | D:8      | Killed Maggie
  7871 | D:9      | Reached **** piety under Kikubaaqudgha
  8388 | D:9      | Found a staircase to the Lair.
  8402 | D:9      | Reached skill level 5 in Shields
  8720 | D:10     | Entered Level 10 of the Dungeon
  8720 | D:10     | Noticed a two-headed ogre
  8847 | D:10     | Reached skill level 5 in Armour
  8927 | D:10     | Reached XP level 11. HP: 70/78 MP: 11/11
  9056 | D:10     | Noticed Psyche
  9061 | D:10     | Killed Psyche
  9186 | D:10     | Found a runed translucent gate.
  9188 | D:10     | Found a runed translucent gate.
  9188 | D:10     | Found a runed translucent gate.
  9188 | D:10     | Found an opulent altar of Gozag.
  9190 | D:10     | Noticed a centaur warrior
  9190 | D:10     | Noticed Sanktem7's ghost (novice MiFi)
  9191 | D:10     | Noticed an eight-headed hydra
  9201 | D:10     | Killed a two-headed ogre
  9202 | D:10     | Reached skill level 13 in Axes
  9280 | D:10     | Reached ***** piety under Kikubaaqudgha
  9309 | D:10     | Found a sacrificial altar of Ru.
  9326 | D:10     | Found a hide-covered altar of Uskayaw.
 10173 | D:11     | Reached skill level 5 in Fighting
 10368 | D:11     | Noticed a two-headed ogre
 10377 | D:11     | Killed a two-headed ogre
 11153 | D:11     | Reached skill level 5 in Throwing
 11703 | D:12     | Found a staircase to the Orcish Mines.
 12079 | D:12     | Noticed a two-headed ogre
 12231 | D:12     | Noticed a two-headed ogre
 12238 | D:12     | Killed a two-headed ogre
 12239 | D:12     | Gained mutation: You have a tail ending in a sharp stinger.
                  | [demonic ancestry]
 12239 | D:12     | Reached XP level 12. HP: 86/89 MP: 12/12
 12301 | D:12     | Killed a two-headed ogre
 12737 | D:13     | Noticed a two-headed ogre
 12740 | D:13     | Learned a level 1 spell: Necrotise
 12745 | D:13     | Killed a two-headed ogre
 12812 | D:13     | Noticed an ogre mage
 12813 | D:13     | Noticed a two-headed ogre
 12814 | D:13     | Noticed a two-headed ogre
 12864 | D:13     | Reached skill level 1 in Necromancy
 12865 | D:13     | Noticed a centaur warrior
 12879 | D:13     | Killed a centaur warrior
 13115 | D:13     | Noticed a vault guard
 13115 | D:13     | Noticed a vault guard
 13115 | D:13     | Noticed a vault guard
 13115 | D:13     | Noticed a vault guard
 13329 | Lair:1   | Entered Level 1 of the Lair of Beasts
 14163 | Lair:1   | You fall into a shaft and drop 1 floor!
 14616 | Lair:2   | Reached ****** piety under Kikubaaqudgha
 14811 | Lair:2   | Found a staircase to the Snake Pit.
 15420 | D:6      | Bought an amulet of reflection for 420 gold pieces
 15992 | Lair:3   | Reached XP level 13. HP: 94/98 MP: 13/13
 16257 | Lair:3   | Reached skill level 5 in Necromancy
 16785 | Lair:3   | Found a staircase to the Swamp.
 17571 | Lair:4   | Found a runed translucent door.
 17572 | Lair:4   | Noticed Peulonen's ghost (journeyman TeDe)
 17824 | Lair:4   | Found a staircase to the Slime Pits.
 18011 | Lair:4   | Noticed Josephine
 18023 | Lair:4   | Killed Josephine
 18571 | Orc:1    | Entered Level 1 of the Orcish Mines
 18700 | Orc:1    | Found Vagib's Overcharged Wands.
 19729 | Orc:2    | Entered Level 2 of the Orcish Mines
 19988 | Orc:2    | Found Rycraxt's Jewellery Boutique.
 20002 | Orc:2    | Found a staircase to the Elven Halls.
 20204 | Orc:2    | Noticed Rupert
 20601 | Orc:2    | Paralysed by Rupert for 5 turns
 20619 | Orc:2    | Paralysed by Rupert for 5 turns
 20625 | Orc:2    | Mangled by Rupert

Illustrated notes

Levels and vault maps discovered:
D:1:      dpeg_arrival_concentric_ovals, layout_rooms, minmay_tree_intersection,
          st_stairs_6, chequers_jeans
D:2:      minmay_inner_zag, layout_basic, grunt_ministairs_3
D:3:      layout_loops_ring, tso_oasis_becter, wad_rectangle_vault, uniq_ijyb
D:4:      layout_rooms, tgw_sif, minmay_temple_entry_stoned_glass,
          uniq_blork_the_orc, uniq_natasha, uniq_edmund
D:5:      layout_loops_ring, grunt_temple_overflow_diamond, elyvilon_altar_4,
          solitary_fountain
D:6:      cheibrodos_steamvent, layout_basic, lemuel_crystal_altar,
          serial_rivers, chequers_serial_rivers_micro_c,
          chequers_serial_rivers_micro_d, chequers_serial_rivers_large_a,
          chequers_serial_rivers_small_b, chequers_serial_rivers_room_b,
          serial_shops, shop, chequers_serial_rivers_micro_c,
          nicolae_shop_sticking_my_neck_out
D:7:      lemuel_bear_cage, layout_gridville, cheibriados_altar_1,
          evilmike_ruin_ashenzari, general_overflow_altar, uniq_jeremiah
D:8:      layout_basic, enter_bailey_2, uniq_maggie
D:9:      layout_irregular_city, lair_entry_dummy
D:10:     layout_basic, nicolae_overflow_squiral, ebering_ghost_gozag,
          kennysheep_flooded_box, uniq_psyche
D:11:     layout_basic, special_room [special_room_orc]
D:12:     layout_irregular_city, orc_0_dummy
D:13:     layout_stronghold, ximxim_vaults_locker_room
Temple:   hellmonk_temple_flake
Lair:1:   layout_roguey, serial_bayou_crossing, serial_bayou_shore_b,
          lemuel_fruit_tree, serial_bayou_shore_b
Lair:2:   layout_regular_city, guppyfry_snake_entry_garden,
          nicolae_lair_lil_pond
Lair:3:   layout_layer_cave, minmay_swamp_entry_swarm, st_stairs_12,
          infiniplex_staircase_pool_2, serial_bayou_shore_a
Lair:4:   layout_regular_city, minmay_slime_entry_oklob_open,
          ebering_ghost_inner_flame, serial_bayou_pond_c, uniq_josephine
Orc:1:    layout_caves, hangedman_feature_mirror, nicolae_shop_overcharged_wands
Orc:2:    st_orc_rangers, layout_caves, serial_shops, shop_statue,
          minmay_shop_enchanted_jewellery, nicolae_orc_flooded_monolith,
          uniq_rupert

Skill      XL: |  1  2  3  4  5  6  7  8  9 10 11 12 13 |
---------------+----------------------------------------+-----
Axes           | 3 4 5 6 7 9 11 12 13 | 13.5
Shields        | 1 4 5 6 8 9 |  9.3
Armour         | 3 5 6 7 9 |  9.1
Throwing       | 3 5 7 8 |  8.0
Fighting       | 4 6 7 9 |  9.3
Necromancy     | 4 7 |  7.1
Dodging        | |  2.6

Action                     |  1- 3 |  4- 6 |  7- 9 | 10-12 | 13-15 || total
---------------------------+-------+-------+-------+-------+-------++-------
  Melee: War axe           |   116 |    79 |   230 |   643 |   267 ||  1335
         Punch             |     1 |     1 |       |       |       ||     2
         Unarmed           |       |     6 |       |       |       ||     6
         Tailslap          |       |       |    18 |   102 |    39 ||   159
  Throw: Stone             |       |    10 |       |       |       ||    10
         Javelin           |       |     1 |       |       |       ||     1
         Dart              |       |       |     4 |     4 |     4 ||    12
         Boomerang         |       |       |     3 |    20 |     7 ||    30
  Evoke: Wand              |       |       |    17 |    11 |     2 ||    30
    Use: Scroll            |     3 |     7 |     5 |     5 |     2 ||    22
         Potion            |       |       |     1 |     4 |       ||     5
   Stab: Distracted        |       |       |     1 |     8 |     8 ||    17
 Armour: Leather armour    |    27 |       |       |       |       ||    27
         Chain mail        |    60 |    43 |    95 |   227 |    83 ||   508
         Skin              |       |     6 |       |       |       ||     6
  Dodge: Dodged            |    61 |    18 |    38 |    95 |    18 ||   230
  Block: Other             |    11 |    11 |    28 |       |       ||    50
         Kite shield       |       |       |    90 |   498 |   319 ||   907
         Reflection        |       |       |       |       |   115 ||   115

Table legend: (Time is in decaauts)
 A = Elapsed time spent in this place.
 B = Non-inter-level travel time spent in this place.
 C = Inter-level travel time spent in this place.
 D = Time resting spent in this place.
 E = Time spent auto-exploring this place.
 F = Levels seen in this place.
 G = Mean time per level.
                   A        B        C        D        E       F      G
               +--------+--------+--------+--------+--------+-----+--------+
         Total |  20757 |  19248 |   1509 |   4368 |  10143 |  21 |  988.4 |
       Dungeon |  13269 |  12195 |   1074 |   2611 |   6436 |  13 | 1020.7 |
        Temple |     18 |     10 |      8 |      0 |      0 |   1 |   18.0 |
          Lair |   5054 |   4729 |    325 |    704 |   3284 |   4 | 1263.5 |
  Orcish Mines |   1537 |   1436 |    101 |    513 |    355 |   2 |  768.5 |
        Bailey |    877 |    877 |      0 |    540 |     68 |   1 |  877.0 |
               +--------+--------+--------+--------+--------+-----+--------+

Top non-repeatable levels by time:
    D:10: 1775 daAuts
  Lair:3: 1675 daAuts
     D:6: 1354 daAuts
    D:11: 1353 daAuts
    D:12: 1240 daAuts
  Lair:2: 1203 daAuts
   Orc:1: 1194 daAuts
  Lair:1: 1115 daAuts
     D:3: 1088 daAuts
  Lair:4: 1060 daAuts
     D:8: 1046 daAuts
     D:9: 1009 daAuts
  Bailey: 877 daAuts
     D:5: 849 daAuts
     D:2: 779 daAuts
